 Dungeon Crawl Stone Soup version 0.31-a0-851-g7ff8af7976 (webtiles) character file.

Game seed: 12919084953265259486

214 Pixllover the Chopper (level 5, -6/47 HPs)
             Began as a Hill Orc Monk on Oct 6, 2023.
             Was a Priest of Trog.
             Mangled by Blork the orc
             ... wielding a +0 glaive
              (8 damage)
             ... on level 4 of the Dungeon.
             The game lasted 00:04:19 (3259 turns).

Pixllover the Chopper (Hill Orc Monk)               Turns: 3259, Time: 00:04:19

Health: -6/47      AC:  7    Str: 16    XL:     5   Next: 92%
Magic:  19/19      EV: 11    Int: 10    God:    Trog [***...]
Gold:   258        SH:  0    Dex: 13    Spells: 4/4 levels left

rFire   . . .        q - +2 war axe (elec)
rCold   . . .        d - orb {light}
rNeg    . . .        f - +1 ring mail {rPois}
rPois   +            (no helmet)
rElec   .            (no cloak)
rCorr   .            t - +0 pair of gloves
SInv    .            (no boots)
Will    .....        s
                       - Hermit's Pendant {Faith Invo=14 Evo=0 MP+5}
Stlth   +            h - ring of flight
HPRegen 0.27/turn    (no ring)
MPRegen 0.16/turn

%: faith
@: flying, glowing
A: no striking features
a: Renounce Religion, Berserk, Trog's Hand


You were on level 4 of the Dungeon.
You worshipped Trog.
Trog was most pleased with you.
You visited 1 branch of the dungeon, and saw 4 of its levels.

You collected 258 gold pieces.

Inventory:

Hand Weapons
 q - a +2 war axe of electrocution (weapon)
Missiles
 e - 6 silver javelins (quivered)
 i - 9 poisoned darts
 o - 2 javelins
Armour
 d - an orb of light (worn)
 f - a +1 ring mail of poison resistance (worn)
 t - a +0 pair of gloves (worn)
Jewellery
 h - a ring of flight (left hand)
 s - the Hermit's Pendant (around neck) {Faith Invo=14 Evo=0 MP+5}
   (You found it on level 3 of the Dungeon)

   [amulet of faith]

   Invo=14: It sets your Invocations skill to 14.
   Evo=0: It sets your Evocations skill to 0.
   Faith:     It allows you to gain divine favour quickly.
   MP+5:      It affects your magic capacity (+5).
Scrolls
 b - 3 scrolls of identify {unknown}
 j - a scroll of vulnerability {unknown}
 n - a scroll of amnesia {unknown}
 p - a scroll of noise {unknown}
 r - a scroll of enchant weapon {unknown}
 u - a scroll of teleportation {unknown}
Potions
 a - a potion of might {unknown}
 c - a potion of ambrosia
 g - 2 potions of curing {unknown}
 k - a potion of invisibility {unknown}
 l - a potion of resistance {unknown}
 m - a potion of attraction {unknown}


   Skills:
 + Level 4.7 Fighting
 + Level 6.4 Axes
 + Level 2.3 Armour
 + Level 2.9 Dodging
 + Level 0.2 Stealth


You had 4 spell levels left.
You didn't know any spells.
Your spell library was empty.

Dungeon Overview and Level Annotations

Branches:
Dungeon (4/15)
 Temple: D:4-7

Altars:
Trog
Wu Jian

Annotations:
D:4 Blork the orc


Message History

The dart slug closely misses you.
You hit the dart slug.
The dart slug is lightly wounded.
The dart slug misses you.
You slash the dart slug!
You kill the dart slug!
Trog accepts your kill.
You now have 258 gold pieces (gained 11).
u - a scroll labelled CUOS GEICS Blork the orc comes into view.
He is wielding a +0 glaive.
Found a stone staircase leading up.
Blork the orc shouts!
Blork the orc casts a spell.
Blork the orc seems to speed up.
Blork the orc barely misses you.
Blork the orc hits you with a +0 glaive.
Blork the orc points at you and mumbles some strange words.
The magic dart hits you.
There is a stone staircase leading up here.
You hit Blork the orc but do no damage.
Blork the orc hits you with a +0 glaive!
Blork the orc closely misses you.
You hit Blork the orc.
Blork the orc is lightly wounded.
Blork the orc hits you with a +0 glaive!
Blork the orc points at you and mumbles some strange words.
The puff of flame hits you.
You hit Blork the orc.
Blork the orc is moderately wounded.
Blork the orc hits you with a +0 glaive.
* * * LOW HITPOINT WARNING * * *
Blork the orc casts a spell at you. The magic dart hits you.
* * * LOW HITPOINT WARNING * * *
You slash Blork the orc!
Blork the orc is heavily wounded.
Blork the orc hits you with a +0 glaive!
* * * LOW HITPOINT WARNING * * *
Blork the orc hits you with a +0 glaive!
You die...

..# #..## #........#
.#######...###........#
..#................####
...........###.#...#
...........###.#...#
...........##..#####
).)........#..###
................###
................@.#
................o..#
..........>.........#
.......................
....................###
#...................#
....................#
#............########
....


You could see Blork the orc (fast).

Vanquished Creatures
  A scorpion (D:4)
  An iguana (D:4)
  An orc wizard (D:3)
  4 adders
  An ufetubus (D:4)
  2 dart slugs
  2 orcs (D:3)
  8 bats
  2 endoplasms (D:1)
  2 giant cockroaches
  7 goblins
  5 hobgoblins
  2 jackals (D:4)
  3 kobolds
  3 quokkas
  9 ball pythons
  5 frilled lizards
  4 rats
62 creatures vanquished.

Notes
Turn   | Place    | Note
-------+----------+-------------------------------------------
     0 | D:1      | Pixllover the Hill Orc Monk began the quest for the Orb.
     0 | D:1      | Reached XP level 1. HP: 19/19 MP: 1/1
   239 | D:1      | Reached XP level 2. HP: 27/27 MP: 2/2
   997 | D:2      | Reached XP level 3. HP: 33/33 MP: 3/3
  1902 | D:3      | Reached skill level 5 in Axes
  2299 | D:3      | Reached XP level 4. HP: 41/41 MP: 4/4
  2363 | D:3      | Reached skill level 1 in Armour
  2821 | D:3      | Found a faded altar of an unknown god.
  2821 | D:3      | Found the Hermit's Pendant {Faith Invo=14 Evo=0 MP+5}
  2837 | D:3      | Prayed at the altar of an unknown god.
  2837 | D:3      | Became a worshipper of Trog the Wrathful
  2837 | D:3      | Reached * piety under Trog
  2837 | D:3      | Reached ** piety under Trog
  3129 | D:4      | Noticed a scorpion
  3136 | D:4      | Reached XP level 5. HP: 46/47 MP: 14/14
  3139 | D:4      | Reached skill level 6 in Axes
  3149 | D:4      | Reached *** piety under Trog
  3206 | D:4      | Found an ornate altar of the Wu Jian Council.
  3250 | D:4      | Noticed Blork the orc
  3259 | D:4      | HP: 2/47 [Blork the orc/+0 glaive (9)]
  3259 | D:4      | Mangled by Blork the orc

Illustrated notes

Levels and vault maps discovered:
D:1:      elethiomel_arrival_fortress_basement, layout_loops_ring,
          serial_forest, infiniplex_forest_clump_long,
          infiniplex_forest_fountain, infiniplex_forest_straight_3,
          infiniplex_forest_diagonal, infiniplex_forest_straight_4
D:2:      layout_loops_corners
D:3:      layout_basic, minivault_27, hellmonk_guarded_unrand_hermit
D:4:      layout_rooms, nicolae_wu_jian_wuxing_cycle, nicolae_nh_ransacked_shop,
          uniq_crazy_yiuf_cottage, uniq_blork_the_orc

Skill      XL: |  1  2  3  4  5 |
---------------+----------------+-----
Fighting       | 4 |  4.7
Axes           | 5 6 |  6.4
Armour         | 1 2 |  2.3
Dodging        | |  2.9
Stealth        | |  0.2

Action                     |  1- 3 |  4- 6 || total
---------------------------+-------+-------++-------
  Melee: Hand axe          |    70 |       ||    70
         War axe           |    24 |    40 ||    64
 Armour: Ring mail         |    43 |    35 ||    78
         Robe              |     1 |       ||     1
  Dodge: Dodged            |    51 |    33 ||    84

Table legend: (Time is in decaauts)
 A = Elapsed time spent in this place.
 B = Non-inter-level travel time spent in this place.
 C = Inter-level travel time spent in this place.
 D = Time resting spent in this place.
 E = Time spent auto-exploring this place.
 F = Levels seen in this place.
 G = Mean time per level.
                   A        B        C        D        E       F      G
               +--------+--------+--------+--------+--------+-----+--------+
         Total |   3276 |   3150 |    126 |    115 |   2247 |   4 |  819.0 |
       Dungeon |   3276 |   3150 |    126 |    115 |   2247 |   4 |  819.0 |
               +--------+--------+--------+--------+--------+-----+--------+

Top non-repeatable levels by time:
     D:3: 1248 daAuts
     D:1: 963 daAuts
     D:2: 915 daAuts
     D:4: 150 daAuts
